 Dungeon Crawl Stone Soup version 0.27.1-2-g3b301248ec (webtiles) character file.

Game seed: 8969403365534533013

4354 worthlessgem the Ducker (level 10, -3/72 HPs)
             Began as a Djinni Warper on Sept 24, 2021.
             Was a Follower of Makhleb.
             Slain by a cyan ugly thing (12 damage)
             ... on level 8 of the Dungeon.
             The game lasted 00:56:10 (12378 turns).

worthlessgem the Ducker (Djinni Warper)            Turns: 12378, Time: 00:56:11

Health: -3/72      AC:  6    Str: 10    XL:     10   Next: 60%
Gold:   473        EV: 14    Int: 17    God:    Makhleb [*.....] SH:  0 Dex: 14

rFire    + + +     SeeInvis +   d - +1 rapier (venom)
rCold    + . .     Faith    .   (no shield)
rNeg     . . .     Spirit   .   p - +0 leather armour
rPois    ∞         Reflect  .   (no helmet)
rElec    .         Harm     .   y - scarf {rC+ rF+}
rCorr    .         Rampage  .   h - +2 pair of gloves
Will     +....                  (boots unavailable)
Stlth    +++.......             (no amulet)
HPRegen  0.22/turn              g - ring of see invisible
MPRegen  0.00/turn              t - ring of protection from cold

@: flying
A: sickness immunity, fire resistance 2, cold vulnerability 1, float, innate
caster, hp casting, extra vitality 1
a: Renounce Religion


You were on level 8 of the Dungeon.
You worshipped Makhleb.
Makhleb was aware of your devotion.
You visited 1 branch of the dungeon, and saw 8 of its levels.

You collected 473 gold pieces.

Inventory:

Hand Weapons
 a - a +1 spectral quarterstaff
 b - a +0 dagger of electrocution
 d - a +1 rapier of venom (weapon)
 F - a +0 quarterstaff
 J - the +7 mace of Eternal Vigilance {vamp, Str+5}
   (You found it on level 6 of the Dungeon)

   It occasionally heals its wielder for a portion of the damage dealt when it
   wounds a living foe.
   Str:       It affects your strength (+5).
 O - a +0 hand crossbow
Missiles
 l - 5 boomerangs of dispersal
 w - 3 boomerangs
 x - 2 throwing nets
 A - 10 bolts
 C - 6 curare-tipped darts
 D - 8 javelins
 N - 13 poisoned darts (quivered)
Armour
 h - a +2 pair of gloves (worn)
 p - a +0 leather armour (worn)
 y - a scarf of resistance (worn)
 I - +0 storm dragon scales
Jewellery
 g - a ring of see invisible (left hand)
 s - a ring of positive energy
 t - a ring of protection from cold (right hand)
 B - a ring of resist corrosion
Wands
 u - a wand of acid (4)
Scrolls
 c - 2 scrolls of blinking
 f - 5 scrolls of teleportation
 j - a scroll of noise {unknown}
 m - 2 scrolls of magic mapping
 q - 4 scrolls of identify
 E - 2 scrolls of immolation
 H - a scroll of enchant weapon {unknown}
 L - a scroll of enchant armour
 M - a scroll of silence {unknown}
Potions
 e - 9 potions of curing
 i - a potion of attraction {unknown}
 k - 3 potions of might
 o - a potion of lignification {unknown}
 r - 2 potions of mutation
 v - 5 potions of flight {unknown}
 z - a potion of cancellation {unknown}
 G - a potion of brilliance {unknown}
 K - a potion of invisibility {unknown}


   Skills:
 - Level 6.0 Fighting
 - Level 3.7(4.0) Short Blades
 - Level 1.7(3.0) Long Blades
 - Level 6.0 Staves
 - Level 0.7 Throwing
 - Level 1.0 Armour
 - Level 7.0 Dodging
 - Level 5.4 Stealth
 - Level 5.7 Spellcasting
 * Level 0.0 Invocations
 + Level 0.0 Evocations


You couldn't memorise any spells.
You knew the following spells:

 Your Spells              Type           Power      Damage    Failure   Level
a - Blink                 Tloc           N/A        N/A       2%          2
b - Lesser Beckoning      Tloc           12%        N/A       4%          3
c - Gell's Gravitas       Tloc           12%        N/A       4%          3
d - Teleport Other        Tloc           24%        N/A       4%          3
e - Manifold Assault      Tloc           24%        N/A       43%         5
f - Freeze                Ice            96%        1d11      1%          1
g - Corpse Rot            Necr/Air       N/A        N/A       2%          2
h - Call Canine Familiar  Summ           24%        N/A       4%          3
i - Cause Fear            Hex            12%        N/A       17%         4
Your spell library was empty.

Dungeon Overview and Level Annotations

Branches:
Dungeon (8/15)             Temple (0/1) D:7
   Lair: D:8-11

Altars:
Hepliaklqana
Kikubaaqudgha
Makhleb
Okawaru
Qazlal
Ru
Sif Muna
Wu Jian
Xom


Innate Abilities, Weirdness & Mutations

You are immune to sickness and miasma.
You are immune to poison.
Your flesh is very heat resistant. (rF++)
You are vulnerable to cold. (rC-)
You float through the air rather than walking.
You learn spells naturally, not from books.
Your magical power is your life essence.
You have superior vitality. (+4 HP)


Message History

You blink.
The cyan ugly thing gores your hound. The cyan ugly thing shocks your hound!
Your hound dies!
Your hound's corpse disappears in a puff of smoke!
Your magical contamination has completely faded away.
You throw a poisoned dart.
The poisoned dart hits the cyan ugly thing.
The cyan ugly thing is heavily wounded.
You throw a poisoned dart.
The poisoned dart completely misses the cyan ugly thing.
There is an open door here.
You hit the cyan ugly thing.
The cyan ugly thing looks even sicker.
The cyan ugly thing is heavily wounded.
The cyan ugly thing gores you. The cyan ugly thing shocks you!
You hit the cyan ugly thing.
The cyan ugly thing is heavily wounded.
The cyan ugly thing closely misses you.
You barely miss the cyan ugly thing.
The cyan ugly thing is heavily wounded.
The cyan ugly thing gores you! The cyan ugly thing shocks you!
* * * LOW HITPOINT WARNING * * *
Casting: Blink (safe; 2% risk of failure)
Confirm with . or Enter, or press ? or * to list all spells.
You blink.
* * * LOW HITPOINT WARNING * * *
Aiming: Corrosive Bolt
Press: ? - help, Shift-Dir - straight line, f/p - cyan ugly thing
Aim: a cyan ugly thing (heavily wounded, very poisoned, 71% to hit)
The bolt of acid misses the cyan ugly thing.
Aiming: Corrosive Bolt
Press: ? - help, Shift-Dir - straight line, f/p - cyan ugly thing
Aim: a cyan ugly thing (heavily wounded, very poisoned, 71% to hit)
The bolt of acid hits the cyan ugly thing!
The cyan ugly thing is splashed with acid.
The acid corrodes the cyan ugly thing!
The cyan ugly thing is almost dead.
The cyan ugly thing gores you!
* * * LOW HITPOINT WARNING * * *
The cyan ugly thing shocks you!
You die...

.# ##≈(##'##≈≈ .# ##≈≈#.#≈≈.
(#### #≈##.##≈' .(..#
######≈#.(.#≈. ....#
#..≈≈≈≈##.##≈≈ ....#
#..≈#≈≈#.(.#≈≈ ....#
#..≈##≈##(##≈#
....################..≈≈###...###
>...'..........u@......≈≈# #.# #≈
....################....≈# .#. #≈
....# #.(..≈# . # #≈ ....#
#####≈# #≈ ....# ≈# #≈ #####
##### ≈# ## # #...# ## # #...# #≈
## #...# #≈


You could see a cyan ugly thing (very poisoned, corroded).

Vanquished Creatures
  An ugly thing (D:8)
  A cyclops (D:8)
  A vampire (D:8)
  4 yaks
  A steam dragon (D:8)
  Menkaure (D:7)
  2 orc warriors (D:8)
  An ice beast (D:7)
  2 ogres
  2 black bears
  A hornet zombie (D:8)
  A phantom (D:5)
  A kobold brigand (D:8)
  Blork the orc (D:4)
  3 bullfrogs
  A water moccasin zombie (D:6)
  A wyvern skeleton (D:7)
  A killer bee (D:4)
  4 wights (D:7)
  4 vampire bats (D:7)
  A howler monkey (D:8)
  2 jellies
  A centaur zombie (D:6)
  3 bullfrog zombies
  3 orc priests
  A gnoll shaman (D:6)
  A centaur skeleton (D:6)
  5 hounds
  2 bullfrog skeletons (D:6)
  2 iguanas
  2 orc wizards (D:8)
  A hound zombie (D:5)
  A howler monkey zombie (D:5)
  11 adders
  14 gnolls
  An ufetubus (D:5)
  A worm (D:4)
  4 dart slugs
  18 orcs
  7 ball pythons
  6 endoplasms
  3 giant cockroaches
  10 goblins
  7 hobgoblins
  3 jackals (D:3)
  10 kobolds
  2 quokkas (D:1)
  4 bats
  4 frilled lizards
  9 rats
173 creatures vanquished.

Vanquished Creatures (collateral kills)
  A bullfrog (D:8)
  A gnoll sergeant (D:7)
  A gnoll (D:7)
  A shadow imp (D:6)
  A bat (D:7)
5 creatures vanquished.

Grand Total: 178 creatures vanquished

Notes
Turn   | Place    | Note
-------+----------+-------------------------------------------
     0 | D:1      | worthlessgem the Djinni Warper began the quest for the Orb.
     0 | D:1      | Reached XP level 1. HP: 18/18 MP: 0/0
   411 | D:1      | Reached XP level 2. HP: 20/23 MP: 0/0
  1423 | D:1      | Reached XP level 3. HP: 28/28 MP: 0/0
  1423 | D:1      | Learned a level 1 spell: Freeze
  2052 | D:2      | Found a faded altar of an unknown god.
  2104 | D:2      | Found an iron altar of Okawaru.
  2465 | D:3      | Found a shimmering altar of Xom.
  2637 | D:3      | Reached XP level 4. HP: 29/33 MP: 0/0
  2940 | D:3      | Found a sacrificial altar of Ru.
  3001 | D:3      | Reached XP level 5. HP: 26/38 MP: 0/0
  3001 | D:3      | Learned a level 2 spell: Corpse Rot
  3712 | D:4      | Noticed Blork the orc
  4117 | D:4      | Found an iron altar of Okawaru.
  4122 | D:4      | Reached XP level 6. HP: 37/43 MP: 0/0
  4206 | D:4      | Reached skill level 5 in Spellcasting
  4228 | D:4      | Killed Blork the orc
  4868 | D:4      | Reached XP level 7. HP: 24/49 MP: 0/0
  4868 | D:4      | Learned a level 3 spell: Call Canine Familiar
  5081 | D:5      | Entered Level 5 of the Dungeon
  5091 | D:5      | Noticed a yak
  5105 | D:5      | Noticed a yak
  5245 | D:5      | Found a hazy altar of Hepliaklqana.
  6013 | D:5      | Noticed a yak
  6070 | D:7      | Found an ornate altar of the Wu Jian Council.
  6082 | D:7      | Found a burning altar of Makhleb.
  6089 | D:7      | Identified the +2 robe "Fogunoa" {Str+3}
  6090 | D:7      | Became a worshipper of Makhleb the Destroyer
  6491 | D:6      | Reached XP level 8. HP: 48/54 MP: 0/0
  6760 | D:6      | Noticed a four-headed hydra
  6844 | D:6      | Reached skill level 5 in Staves
  7392 | D:5      | Killed a yak
  7475 | D:5      | Killed a yak
  7675 | D:5      | Reached XP level 9. HP: 56/58 MP: 0/0
  7675 | D:5      | Learned a level 4 spell: Cause Fear
  8666 | D:6      | Identified the +7 mace of Eternal Vigilance {vamp, Str+5}
  9240 | D:7      | Reached skill level 1 in Stealth
  9577 | D:7      | Reached skill level 3 in Dodging
  9668 | D:7      | Found a stormy altar of Qazlal.
 10100 | D:7      | Reached * piety under Makhleb
 10101 | D:7      | Reached skill level 4 in Dodging
 10368 | D:7      | Noticed Menkaure
 10421 | D:7      | Killed Menkaure
 10534 | D:7      | Found a staircase to the Ecumenical Temple.
 10639 | D:8      | Reached skill level 5 in Fighting
 10684 | D:8      | Reached skill level 5 in Dodging
 10764 | D:8      | Reached XP level 10. HP: 55/70 MP: 0/0
 11295 | D:8      | Reached skill level 6 in Dodging
 11566 | D:8      | Noticed a red ugly thing
 11587 | D:8      | Killed a red ugly thing
 11588 | D:8      | Reached skill level 5 in Stealth
 11753 | D:8      | Noticed a cyclops
 11935 | D:8      | Noticed a cyan ugly thing
 12309 | D:8      | Killed a cyclops
 12310 | D:8      | Reached skill level 7 in Dodging
 12378 | D:8      | Slain by a cyan ugly thing

Illustrated notes

Levels and vault maps discovered:
D:1:      tarquinn_simple_flora_water_a, layout_loops_ring, grunt_decor_clamped
D:2:      layout_basic, shapermc_ecumenical_altar_notcrosses, basic_altar,
          minmay_tall_x
D:3:      layout_basic, nicolae_ru_sacrificial_ziggurat,
          mainiacjoe_overflow_boulevard
D:4:      minmay_wonky_spiral, layout_basic, old_standard_altar, chequers_jeans,
          hangedman_minor_gate_pass, uniq_blork_the_orc
D:5:      layout_loops_ring, gammafunk_temple_overflow_claw
D:6:      layout_basic
D:7:      layout_basic, amcnicky_altar_gilded, bloody_makhleb,
          mainiacjoe_overflow_paths, minmay_temple_entry_glassed_door,
          roderic_batcave, minivault_11, uniq_menkaure
D:8:      layout_basic, minmay_manual_mullet

Skill      XL: |  1  2  3  4  5  6  7  8  9 10 |
---------------+-------------------------------+-----
Spellcasting   | 3 4 5 |  5.7
Staves         | 4 6 |  6.0
Short Blades   | 3 |  3.7
Fighting       | 5 6 |  6.0
Stealth        | 3 5 |  5.4
Dodging        | 5 7 |  7.0
Long Blades    | |  1.7
Throwing       | |  0.7
Armour         | |  1.0

Action                   |  1- 3 |  4- 6 |  7- 9 | 10-12 || total
-------------------------+-------+-------+-------+-------++-------
Melee: Falchion          |    71 |       |       |       ||    71
       Whip              |    46 |    14 |       |       ||    60
       Quarterstaff      |       |    39 |   122 |    48 ||   209
       Dagger            |       |    12 |    40 |     2 ||    54
       Rapier            |       |       |    81 |    25 ||   106
       Mace              |       |       |    10 |       ||    10
 Fire: Hunting sling     |    18 |    48 |       |       ||    66
       Hand crossbow     |       |       |       |    20 ||    20
Throw: Boomerang         |       |       |     2 |     2 ||     4
       Javelin           |       |       |     1 |       ||     1
       Dart              |       |       |       |     4 ||     4
       Stone             |       |       |       |     1 ||     1
 Cast: Freeze            |       |     4 |     4 |     2 ||    10
       Teleport Other    |       |     2 |     7 |       ||     9
       Corpse Rot        |       |     1 |     2 |       ||     3
       Call Canine Famil |       |       |    26 |     5 ||    31
       Blink             |       |       |     7 |     7 ||    14
       Cause Fear        |       |       |     3 |       ||     3
Evoke: Wand              |       |       |     1 |     4 ||     5
  Use: Scroll            |       |       |    11 |       ||    11
       Potion            |       |       |     1 |       ||     1
 Stab: Distracted        |       |     1 |     1 |       ||     2
       Sleeping          |       |       |     2 |     1 ||     3
Armor: Leather armour    |    33 |    24 |    83 |    15 ||   155
Dodge: Dodged            |    64 |    51 |   180 |    56 ||   351
       Rpst.: Falchion   |    14 |       |       |       ||    14
